 Dungeon Crawl Stone Soup version 0.21.1-1-g345015fe64 (webtiles) character file.

30 Ivernyr the Charmwright (level 3, 27/27 HPs)
             Began as a Demonspawn Skald on May 10, 2018.
             Quit the game on level 2 of the Dungeon.
             The game lasted 00:01:48 (1210 turns).

Ivernyr the Charmwright (Demonspawn Skald)          Turns: 1210, Time: 00:01:49

Health: 27/27      AC:  3    Str: 11    XL:     3   Next: 5%
Magic:  3/6        EV: 12    Int: 14    God:
Gold:   22         SH:  0    Dex: 13    Spells: 1/6 levels left

rFire    . . .     SeeInvis .   a - +0 falchion
rCold    . . .     Gourm    .   (no shield)
rNeg     . . .     Faith    .   b - +0 leather armour
rPois    .         Spirit   +   (no helmet)
rElec    .         Reflect  .   (no cloak)
rCorr    .         Harm     .   (no gloves)
MR       .....                  (no boots)
Stlth    +.........             (no amulet)
HPRegen  0.09/turn              (no ring)
MPRegen  0.10/turn              (no ring)

@: very slightly contaminated
A: claws 1, magic shield
a: no special abilities


You were on level 2 of the Dungeon.
You were not hungry.

You visited 1 branch of the dungeon, and saw 2 of its levels.

You collected 22 gold pieces.

Inventory:

Hand Weapons
 a - a +0 falchion (weapon)
Armour
 b - a +0 leather armour (worn)
Scrolls
 g - a scroll of random uselessness {unknown}
 h - a scroll of amnesia {unknown}
 j - a scroll of magic mapping {unknown}
Potions
 e - a potion of lignification {unknown}
 f - a potion of heal wounds {unknown}
 k - a potion of haste {unknown}
Books
 c - a book of Battle

   Spells                             Type                      Level
   a - Infusion                       Charms                       1
   b - Shroud of Golubria             Charms/Translocation         2
   c - Song of Slaying                Charms                       2
   d - Spectral Weapon                Hexes/Charms                 3
   e - Regeneration                   Charms/Necromancy            3
Comestibles
 d - 5 rations


   Skills:
 - Level 2.0 Fighting
 + Level 2.2 Long Blades
 * Level 2.0 Armour
 - Level 1.7 Dodging
 - Level 2.0 Spellcasting
 + Level 3.0 Charms


You had one spell level left.
You knew the following spells:

 Your Spells              Type           Power        Failure   Level  Hunger
a - Shroud of Golubria    Chrm/Tloc      #.........   26%         2    ###....
b - Song of Slaying       Chrm           #.......     14%         2    ###....
c - Infusion              Chrm           #...         9%          1    ##.....


Dungeon Overview and Level Annotations

Branches:
Dungeon (2/15)

Altars:


Innate Abilities, Weirdness & Mutations

You have sharp fingernails.
When hurt, damage is shared between your health and your magic reserves.


Message History

Aim: a worm (heavily wounded)
You throw a javelin. The javelin hits the worm.
The worm is severely wounded.
Cast which spell? (? or * to list)
You miscast Shroud of Golubria.
You are very lightly contaminated with residual magic.
Nothing appears to happen.
You hit the worm.
The worm is almost dead.
The worm closely misses you.
You riposte.
You hit the worm.
You kill the worm!
You have reached level 3!
Your experience leads to an increase in your attributes!
Increase (S)trength, (I)ntelligence, or (D)exterity?
You feel agile.
Your demonic ancestry asserts itself...
You feel your magical essence form a protective shroud around your flesh.
Found a stone staircase leading down.
A quokka comes into view.
You see here a javelin.
Are you sure you want to abandon this character and quit the game? (Confirm with "yes".)

########## #........#
#### #........# .##...#
#........#
.......###........#
........##........#
..............รท..<#
.......@................
.....((######.........#.
....(.. ...>..#...###
r.>..>. ....####...#
.....#. ..... #.....
....... .#### #.#.#.#
.... .. #.#.... .... ..


You could see a quokka (wandering).

Vanquished Creatures
  An ooze (D:1)
  A worm (D:2)
  A dart slug (D:2)
  5 bats
  4 goblins (D:1)
  2 hobgoblins (D:1)
  3 jackals (D:1)
  A kobold (D:1)
  A rat (D:1)
19 creatures vanquished.

Notes
Turn   | Place    | Note
-------+----------+-------------------------------------------
     0 | D:1      | Ivernyr the Demonspawn Skald began the quest for the Orb.
     0 | D:1      | Reached XP level 1. HP: 16/16 MP: 3/3
    34 | D:1      | Reached skill level 1 in Armour
   128 | D:1      | Gained mutation: You have sharp fingernails. [demonic ancestry]
   128 | D:1      | Reached XP level 2. HP: 22/22 MP: 5/5
   261 | D:1      | Learned a level 2 spell: Song of Slaying
   264 | D:1      | Learned a level 2 spell: Shroud of Golubria
   823 | D:1      | Reached skill level 3 in Charms
  1207 | D:2      | Gained mutation: When hurt, damage is shared between your health and your magic reserves. [demonic ancestry]
  1207 | D:2      | Reached XP level 3. HP: 27/27 MP: 3/6
  1210 | D:2      | Quit the game

Skill      XL: |  1  2 |
---------------+-------+-----
Armour         | 1 2 |  2.0
Long Blades    | 2 |  2.2
Charms         | 3 |  3.0
Fighting       | |  2.0
Dodging        | |  1.7
Spellcasting   | |  2.0

Action                   || total
-------------------------++-------
Melee: Falchion          ||    68
Throw: Javelin           ||     4
  Eat: Chunk             ||     1
Armor: Leather armour    ||    36
Dodge: Dodged            ||    69
       Rpst.: Falchion   ||    26
